 Dungeon Crawl Stone Soup version 0.25-a0-1024-gbfbf38f2cb (webtiles) character file.

Game seed: 11325533156621501627, levelgen mode: classic

47369 Amnesiac the Nimble (level 14, -5/117 HPs)
             Began as a Deep Elf Gladiator on May 12, 2020.
             Was the Champion of Okawaru.
             Slain by a centaur warrior
             ... wielding a cursed +0 longbow
              (7 damage)
             ... on level 13 of the Dungeon.
             The game lasted 01:11:12 (23144 turns).

Amnesiac the Nimble (Deep Elf Gladiator)           Turns: 23144, Time: 01:11:13

Health: -5/117     AC: 12    Str: 15      XL:     14   Next: 8%
Magic:  0/37       EV: 23    Int: 14 (15) God:    Okawaru [******]
Gold:   404        SH:  0    Dex: 16      Spells: 20/29 levels left

rFire    + . .     SeeInvis +   a - +3 quarterstaff of Woor {drain, +Rage rPois rF- rN+++}
rCold    + . .     Gourm    .   (shield currently unavailable)
rNeg     + + +     Faith    .   W - +1 leather armour of the Eight Boll Weevils {+Blink rPois rCorr}
rPois    +         Spirit   +   L - +2 helmet {SInv}
rElec    +         Reflect  .   r - scarf {Spirit}
rCorr    +         Harm     .   y - +0 pair of gloves
MR       +....                  q - +2 pair of boots {Stlth+}
Stlth    ..........             (no amulet)
HPRegen  0.29/turn              N - ring of protection from fire
MPRegen  0.25/turn              R - ring of magical power

@: berserking, resistant, studying Fighting, very quick
A: no striking features
a: Heroism, Finesse, Renounce Religion, Evoke Blink, Evoke Berserk Rage


You were on level 13 of the Dungeon.
You worshipped Okawaru.
Okawaru was exalted by your worship.
You were very hungry.

You visited 2 branches of the dungeon, and saw 15 of its levels.
You also visited: Bailey.

You collected 3117 gold pieces.
You spent 2713 gold pieces at shops.

Inventory:

Hand Weapons
 a - the +3 quarterstaff of Woor (weapon) {drain, +Rage rPois rF- rN+++}
   (Okawaru gifted it to you on level 11 of the Dungeon)

   A truly terrible weapon, it drains the life of those it strikes.
   It makes you vulnerable to fire.
   It protects you from poison.
   It renders you almost immune to negative energy.
   It lets you go berserk.
 b - a +1 shortbow of freezing
 H - a +1 quarterstaff
Missiles
 m - 44 boomerangs (quivered)
 A - 7 poisoned darts
 K - 213 arrows
 U - 2 boomerangs of dispersal
 Z - 2 curare-tipped darts
Armour
 c - a +2 ring mail of cold resistance
 h - the +2 scale mail of the Stone Wall {rElec Str-2 Int+2}
   (You bought it in a shop on level 2 of the Orcish Mines)

   It affects your strength (-2).
   It affects your intelligence (+2).
   It insulates you from electricity.
 i - a +2 plate armour of poison resistance
 q - a +2 pair of boots of stealth (worn)
 r - a scarf of spirit shield (worn)
 y - a +0 pair of gloves (worn)
 G - the +3 warlock's mirror {reflect}
   (You found it on level 5 of the Dungeon)
 I - a +4 crystal plate armour
 L - a +2 helmet of see invisible (worn)
 V - a scarf of repulsion
 W - the +1 leather armour of the Eight Boll Weevils (worn) {+Blink rPois rCorr}
   (You found it on level 12 of the Dungeon)

   It protects you from poison.
   It lets you blink.
   It provides partial protection from all sources of acid and corrosion.
Jewellery
 p - an uncursed ring of protection from magic
 N - a ring of protection from fire (left hand)
 P - a +3 ring of intelligence
 R - a ring of magical power (right hand)
Wands
 k - a wand of disintegration (9)
 z - a wand of flame (52)
 M - a wand of acid (4)
 X - a wand of polymorph (7)
Scrolls
 d - a scroll of holy word {!r}
 g - 3 scrolls of fog {!r}
 l - 5 scrolls of remove curse {!r}
 o - 4 scrolls of enchant weapon {!r}
 s - 6 scrolls of teleportation {!r}
 t - 2 scrolls of fear {!r}
 x - 2 scrolls of blinking {!r}
 Y - a scroll of magic mapping {!r}
Potions
 e - a potion of might {!q}
 n - 5 potions of flight {!q}
 v - 3 potions of brilliance {!q}
 w - a potion of haste {!q}
 D - 5 potions of curing {!q}
 F - 2 potions of mutation {!q}
 J - a potion of magic {!q, unknown}
Books
 O - a manual of Fighting
Miscellaneous
 j - a box of beasts
 B - a lightning rod (4/4)
 Q - a phial of floods
Comestibles
 f - 18 rations
 T - 13 chunks of flesh


   Skills:
 + Level 5.5 Fighting
 - Level 14.0 Staves
 - Level 8.0 Bows
 - Level 2.0 Throwing
 * Level 7.1 Armour
 + Level 14.9 Dodging
 - Level 8.0 Spellcasting
 - Level 8.0 Invocations
 - Level 3.0 Evocations


You had 20 spell levels left.
You knew the following spells:

 Your Spells              Type           Power        Failure   Level  Hunger
a - Sticks to Snakes      Tmut           #.......     22%         2    None
b - Summon Small Mammal   Summ           #...         16%         1    None
s - Conjure Flame         Conj/Fire      #.......     41%         3    ##.....
z - Confusing Touch       Hex            #.......     41%         3    ##.....

Your spell library contained the following spells:

 Spells                   Type           Power        Failure   Level  Hunger
 Beastly Appendage        Tmut           #.....       16%         1    None
 Corona                   Hex            #......      16%         1    None
 Foxfire                  Conj/Fire      #...         16%         1    None
 Magic Dart               Conj           #...         16%         1    None
 Call Imp                 Summ           #.......     22%         2    None
 Ensorcelled Hibernation  Hex/Ice        #.....       22%         2    None
 Searing Ray              Conj           #.....       22%         2    None
 Slow                     Hex            #.......     22%         2    None
 Call Canine Familiar     Summ           #.......     41%         3    ##.....
 Dazzling Flash           Conj/Hex       #.....       41%         3    ##.....
 Inner Flame              Hex/Fire       #.......     41%         3    ##.....
 Portal Projectile        Hex/Tloc       #.....       41%         3    ##.....
 Spider Form              Tmut/Pois      #.........   41%         3    ##.....
 Summon Guardian Golem    Hex/Summ       #.......     41%         3    ##.....
 Tukima's Dance           Hex            #.......     41%         3    ##.....
 Cause Fear               Hex            #.........   83%         4    ####...
 Fulminant Prism          Conj/Hex       #.........   83%         4    ####...
 Ice Form                 Ice/Tmut       #.......     83%         4    ####...
 Iskenderun's Mystic Bla  Conj/Tloc      #.......     83%         4    ####...
 Leda's Liquefaction      Hex/Erth       #.........   83%         4    ####...
 Sticky Flame             Conj/Fire      #.......     83%         4    ####...
 Summon Ice Beast         Ice/Summ       #.......     83%         4    ####...
 Summon Lightning Spire   Summ/Air       #.......     83%         4    ####...
 Blade Hands              Tmut           #.........   99%         5    #####..
 Bolt of Magma            Conj/Fire/Erth #.........   99%         5    #####..
 Fireball                 Conj/Fire      #.........   99%         5    #####..
 Iskenderun's Battlesphe  Conj/Chrm      #.......     99%         5    #####..
 Iron Shot                Conj/Erth      #.........   100%        6    #######
 Orb of Destruction       Conj           #.........   100%        7    #######
 Spellforged Servitor     Conj/Summ      #.........   100%        7    #######


Dungeon Overview and Level Annotations

Branches:
Dungeon (13/15)            Temple (0/1) D:6            Lair (0/6) D:11
    Orc (2/2) D:10            Elf (0/3) Orc:2        Bailey (visited)
 Vaults: D:13-14

Altars:
Cheibriados
Dithmenos
Elyvilon
Nemelex Xobeh
Okawaru
Sif Muna
Wu Jian
Yredelemnul
The Shining One
Beogh

Shops:
D:5 !   Orc:2 ([*![?

Annotations:
D:4 exclusion: jelly
Orc:1 3 runed translucent doors, Amnesiac's ghost, novice DEFi


Message History

The centaur warrior hits you with a cursed +0 longbow!
* * * LOW HITPOINT WARNING * * *
The centaur misses you.
You hit the fire dragon.
The fire dragon is moderately wounded.
Unknown command.
You thump the fire dragon! You drain the fire dragon.
The fire dragon is heavily wounded.
The fire dragon bites you!
* * * LOW HITPOINT WARNING * * *
The fire dragon claws you!
* * * LOW HITPOINT WARNING * * *
The fire dragon misses you. The centaur closely misses you.
Unknown command.
You barely miss the fire dragon.
The fire dragon is heavily wounded.
The centaur warrior hits you with a cursed +0 longbow.
* * * LOW HITPOINT WARNING * * *
Unknown command.
You hit the fire dragon.
The fire dragon is heavily wounded.
The centaur barely misses you.
Unknown command.
You barely miss the fire dragon.
The fire dragon is heavily wounded.
The centaur warrior completely misses you.
The fire dragon bites you but does no damage.
The fire dragon claws you but does no damage.
The fire dragon completely misses you.
Unknown command.
Unknown command.
Unknown command.
Unknown command.
Unknown command.
You hit the fire dragon.
The fire dragon is heavily wounded.
The centaur barely misses you.
Unknown command.
Unknown command.
Unknown command.
Unknown command.
You sock the fire dragon! You drain the fire dragon.
The fire dragon is heavily wounded.
The centaur warrior hits you with a cursed +0 longbow.
* * * LOW HITPOINT WARNING * * *
The fire dragon breathes flames at you. The blast of flame hits you!
You resist.
* * * LOW HITPOINT WARNING * * *
The centaur hits you!
* * * LOW HITPOINT WARNING * * *
Unknown command.
Unknown command.
Unknown command.
Unknown command.
Unknown command.
Unknown command.
Unknown command.
You hit the fire dragon.
The fire dragon is severely wounded.
You bludgeon the fire dragon!! You drain the fire dragon.
The fire dragon is almost dead.
The centaur misses you.
The centaur warrior hits you with a cursed +0 longbow!
You die...

. #....##.. #.. ##..#.#.# #..
..(#..# ###.###.....## #.
#####..#..#...##.# #.. # #
##..#..(##...(...# #.. .. ##
#..... #....(...###.. ... .##
#....###...D(.###.# .cD# ..##
#.....##..@c.###..#.....
#..####.....#....c..#......)..
##...##.^##.[.!...|.((.(...⌠((
##.##.........(....#.....:::.
##..#..÷÷##.##.....##..#....b
#..####.###.#......###.# ...#
##.##.###.##.........###.. ...
#.##..###...........>.###.. ..
.#####.##..#....#.....(###.. #


You could see a fire dragon (catching breath, drained), a centaur warrior and a
centaur.

Vanquished Creatures
  A sphinx (D:12)
  A stone giant (D:10)
  Nessos (Orc:2)
  An ettin (D:12)
  Josephine (D:11)
  A yaktaur captain (D:10)
  2 hydras
  A great orb of eyes (D:10)
  A centaur warrior (D:12)
  6 two-headed ogres
  An ogre mage (Orc:1)
  8 orc high priests
  A deep troll earth mage (D:12)
  Sonja (D:10)
  A hell knight (D:12)
  3 unseen horrors
  A flayed ghost (D:12)
  An orc knight (Orc:2)
  3 orc sorcerers
  3 oklob plants (D:11)
  3 ugly things
  A manticore (D:12)
  2 cyclopes (D:12)
  An elephant (shapeshifter) (D:12)
  Joseph (D:10)
  Maurice (D:11)
  2 centaur zombies (D:10)
  A gargoyle (D:12)
  An efreet (D:10)
  A polar bear (shapeshifter) (D:12)
  A troll (Orc:2)
  4 hippogriffs
  A hornet (D:12)
  7 slime creatures (D:12)
  A redback (shapeshifter) (D:10)
  6 wraiths
  12 yaks
  4 fire bats (D:13)
  A vampire (D:10)
  2 wyverns
  A basilisk (D:11)
  Grum (D:11)
  A vampire mosquito (D:12)
  11 wargs
  3 hungry ghosts
  A naga (shapeshifter) (D:12)
  Duvessa (D:7)
  23 orc warriors
  2 ice beasts
  2 sky beasts (D:6)
  3 phantoms
  2 black bears
  8 centaurs
  12 ogres
  3 wolves (D:11)
  A big kobold (D:8)
  A crocodile (D:12)
  6 bullfrogs
  A gnoll sergeant (D:7)
  Dowan (D:7)
  4 scorpions
  A water moccasin zombie (D:8)
  15 wights (D:10)
  12 howler monkeys
  8 crimson imps
  4 bullfrog zombies
  5 jellies
  33 orc priests
  7 hounds
  A bullfrog skeleton (D:10)
  24 orc wizards
  3 iguanas
  7 worker ants
  A killer bee zombie (D:6)
  A bullfrog simulacrum (D:12)
  3 hound skeletons
  3 worker ant zombies (D:11)
  5 gnolls
  A howler monkey skeleton (D:8)
  12 adders
  5 shadow imps
  2 oozes
  An adder zombie (D:7)
  An adder skeleton (D:4)
  4 worms
  2 dart slugs (D:2)
  4 leopard geckos
  93 orcs
  A ball python (D:2)
  3 bats
  3 giant cockroaches
  12 goblins
  7 hobgoblins
  11 jackals
  3 quokkas (D:2)
  6 frilled lizards
  23 kobolds
  A leopard gecko zombie (D:5)
  11 rats
  A plant (D:11)
520 creatures vanquished.

Vanquished Creatures (others)
  An orc wizard (Orc:1)
  An orc (Orc:1)
  A goblin (D:2)
3 creatures vanquished.

Grand Total: 523 creatures vanquished

Notes
Turn   | Place    | Note
-------+----------+-------------------------------------------
     0 | D:1      | Amnesiac the Deep Elf Gladiator began the quest for the
                  | Orb.
     0 | D:1      | Reached XP level 1. HP: 12/12 MP: 3/3
   562 | D:1      | Reached XP level 2. HP: 13/17 MP: 4/4
  1285 | D:2      | Reached XP level 3. HP: 20/21 MP: 5/5
  1756 | D:2      | Reached XP level 4. HP: 26/26 MP: 6/6
  1924 | D:2      | Reached skill level 5 in Staves
  1925 | D:2      | Reached XP level 5. HP: 21/30 MP: 5/7
  2060 | D:2      | Found a glowing golden altar of the Shining One.
  2131 | D:2      | Reached skill level 1 in Evocations
  2240 | D:2      | Found a basalt altar of Yredelemnul.
  3255 | D:4      | Found an iron altar of Okawaru.
  3272 | D:4      | Became a worshipper of Warmaster Okawaru
  3275 | D:4      | Reached XP level 6. HP: 24/35 MP: 6/10
  3354 | D:4      | Reached skill level 5 in Dodging
  3354 | D:4      | Reached skill level 1 in Invocations
  3437 | D:4      | Found a sparkling altar of Nemelex Xobeh.
  3561 | D:4      | Learned a level 2 spell: Sticks to Snakes
  3646 | D:4      | Reached * piety under Okawaru
  3646 | D:4      | Reached XP level 7. HP: 23/40 MP: 7/11
  4312 | D:5      | Entered Level 5 of the Dungeon
  4542 | D:5      | Found Ycaoceh's Distillery.
  4549 | D:5      | Bought a potion of berserk rage for 70 gold pieces
  4549 | D:5      | Bought a potion of lignification for 42 gold pieces
  4969 | D:5      | Reached XP level 8. HP: 40/44 MP: 9/12
  5012 | D:5      | Found the +3 warlock's mirror {reflect}
  5109 | D:5      | Reached skill level 1 in Bows
  5122 | D:5      | Reached ** piety under Okawaru
  5480 | D:6      | Found a staircase to the Ecumenical Temple.
  5644 | D:6      | Found an ornate altar of the Wu Jian Council.
  6264 | D:7      | Reached skill level 5 in Invocations
  6330 | D:7      | Found a snail-covered altar of Cheibriados.
  6395 | D:7      | Noticed Duvessa
  6428 | D:7      | Killed Duvessa
  6428 | D:7      | Reached XP level 9. HP: 42/48 MP: 11/14
  6443 | D:7      | Noticed Dowan
  6458 | D:7      | Killed Dowan
  6630 | D:7      | Got a fine long sword
  7353 | D:7      | Reached *** piety under Okawaru
  8947 | D:9      | Found a flagged portal.
  8958 | Bailey   | Entered a bailey
  9070 | Bailey   | Identified the +3 long sword "Uffihylo" {vorpal, Fragile
                  | +Fly MR++ Dex+4} (You found it on level 7 of the Dungeon)
  9221 | Bailey   | Reached **** piety under Okawaru
  9221 | Bailey   | Reached skill level 10 in Staves
  9221 | Bailey   | Reached skill level 5 in Bows
  9305 | Bailey   | Reached XP level 10. HP: 48/53 MP: 10/16
  9717 | D:9      | Killed an unseen horror
  9910 | D:9      | Reached ***** piety under Okawaru
 10027 | D:9      | Found a shadowy altar of Dithmenos.
 10106 | D:9      | Found a white marble altar of Elyvilon.
 10386 | D:9      | Found a shimmering blue altar of Sif Muna.
 10491 | D:10     | Entered Level 10 of the Dungeon
 10508 | D:9      | Killed an unseen horror
 10508 | D:9      | Received a gift from Okawaru
 10926 | D:10     | Noticed Sonja
 10940 | D:10     | Killed Sonja
 10950 | D:10     | Learned a level 3 spell: Confusing Touch
 11280 | D:10     | Reached XP level 11. HP: 37/57 MP: 14/18
 11351 | D:10     | Reached skill level 10 in Dodging
 11396 | D:10     | Identified a scroll of acquirement {!r}
 11541 | D:10     | Killed an unseen horror
 11941 | D:10     | Found a staircase to the Orcish Mines.
 12027 | D:10     | Reached skill level 1 in Spellcasting
 12039 | D:10     | Noticed a two-headed ogre
 12089 | D:10     | Killed a two-headed ogre
 12174 | D:10     | Noticed a two-headed ogre
 12190 | D:10     | Killed a two-headed ogre
 12375 | D:11     | Learned a level 3 spell: Conjure Flame
 12408 | D:11     | Noticed Grum
 12475 | D:11     | Received a gift from Okawaru
 12476 | D:11     | Got an ancient quarterstaff {god gift}
 12477 | D:11     | Identified the +3 quarterstaff of Woor {drain, +Rage rPois
                  | rF- rN+++} (Okawaru gifted it to you on level 11 of the
                  | Dungeon)
 12519 | D:11     | Killed Grum
 12784 | D:10     | Learned a level 1 spell: Summon Small Mammal
 12901 | D:10     | Noticed Joseph
 12919 | D:10     | Killed Joseph
 13272 | D:10     | Noticed a shining eye
 13272 | D:10     | Noticed a great orb of eyes
 13289 | D:10     | a shining eye changed into a redback
 13315 | D:10     | Killed a great orb of eyes
 13315 | D:10     | Reached ****** piety under Okawaru
 13315 | D:10     | Received a gift from Okawaru
 13316 | D:10     | Got an ancient buckler {god gift}
 13329 | D:10     | Noticed an orc sorcerer
 13337 | D:10     | Killed an orc sorcerer
 13337 | D:10     | Reached skill level 5 in Spellcasting
 13341 | D:10     | Noticed a yaktaur captain
 13341 | D:10     | Noticed a stone giant
 13652 | D:11     | Noticed a cyan ugly thing
 13725 | D:11     | Found a staircase to the Lair.
 13725 | D:11     | Noticed an oklob plant
 13725 | D:11     | Noticed an oklob plant
 13778 | D:11     | Noticed Maurice
 13790 | D:11     | Killed Maurice
 13791 | D:11     | Noticed a seven-headed hydra
 13815 | D:11     | Killed a seven-headed hydra
 13815 | D:11     | Reached XP level 12. HP: 41/62 MP: 19/22
 13924 | D:11     | Noticed Josephine
 14026 | D:11     | Killed Josephine
 15280 | D:10     | Killed a stone giant
 15406 | D:10     | Killed a yaktaur captain
 15406 | D:10     | Received a gift from Okawaru
 15652 | Orc:1    | Entered Level 1 of the Orcish Mines
 15844 | Orc:1    | Found a runed translucent gate.
 15844 | Orc:1    | Found a runed translucent gate.
 15844 | Orc:1    | Found a runed translucent gate.
 15848 | Orc:1    | Identified the cursed +0 battleaxe of the Fray {vorpal,
                  | rPois rC+++ Str+3 Dex-5}
 15848 | Orc:1    | Noticed an orc warlord
 15854 | Orc:1    | Noticed Amnesiac's ghost (novice DEFi)
 15904 | Orc:1    | Found a roughly hewn altar of Beogh.
 15929 | Orc:1    | Found a roughly hewn altar of Beogh.
 16087 | Orc:1    | Noticed an ogre mage
 16089 | Orc:1    | Noticed a two-headed ogre
 16090 | Orc:1    | Noticed a two-headed ogre
 16090 | Orc:1    | Noticed a two-headed ogre
 16106 | Orc:1    | Killed a two-headed ogre
 16106 | Orc:1    | Received a gift from Okawaru
 16116 | Orc:1    | Killed an ogre mage
 16124 | Orc:1    | Killed a two-headed ogre
 16136 | Orc:1    | Killed a two-headed ogre
 16763 | Orc:2    | Entered Level 2 of the Orcish Mines
 16763 | Orc:2    | Found Rasausho's Armour Boutique.
 16763 | Orc:2    | Found a staircase to the Elven Halls.
 16763 | Orc:2    | Noticed Nessos
 16763 | Orc:2    | Noticed an orc high priest
 16798 | Orc:2    | Noticed an orc high priest
 17045 | Orc:2    | Reached skill level 1 in Armour
 17162 | Orc:2    | Killed Nessos
 17162 | Orc:2    | Reached XP level 13. HP: 21/68 MP: 10/27
 17946 | Orc:2    | Found Dyname's Antique Armour Shop.
 17946 | Orc:2    | Found Ischext's Weapon Emporium.
 18313 | Orc:2    | Found a roughly hewn altar of Beogh.
 18615 | Orc:2    | Found Giolutra's General Store.
 18615 | Orc:2    | Found Bij Koblih's Distillery.
 18804 | Orc:2    | Received a gift from Okawaru
 19515 | Orc:2    | Found Ciejahon's Magic Scroll Shop.
 19701 | Orc:2    | Bought a faintly glowing scale mail for 216 gold pieces
 19701 | Orc:2    | Bought a pair of runed boots for 180 gold pieces
 19723 | Orc:2    | Identified the +2 scale mail of the Stone Wall {rElec Str-2
                  | Int+2} (You bought it in a shop on level 2 of the Orcish
                  | Mines)
 19743 | Orc:2    | Bought a glowing plate armour for 624 gold pieces
 19770 | Orc:2    | Identified the +1 buckler of Liberty {+Blink rN+ MR+ Int-5}
                  | (Okawaru gifted it to you on level 10 of the Dungeon)
 19834 | Orc:2    | Bought a scroll of blinking for 105 gold pieces
 19834 | Orc:2    | Bought a scroll of fog for 28 gold pieces
 19834 | Orc:2    | Bought a scroll of fog for 28 gold pieces
 19871 | Orc:2    | Bought a potion of haste for 120 gold pieces
 19871 | Orc:2    | Bought a potion of heal wounds for 60 gold pieces
 19871 | Orc:2    | Bought a potion of curing for 36 gold pieces
 19871 | Orc:2    | Bought a potion of curing for 36 gold pieces
 19871 | Orc:2    | Bought a potion of curing for 36 gold pieces
 19871 | Orc:2    | Bought 2 potions of curing for 72 gold pieces
 19880 | Orc:2    | Bought a potion of resistance for 140 gold pieces
 19900 | Orc:2    | Bought a +2 crystal plate armour for 920 gold pieces
 20318 | D:12     | Reached skill level 5 in Armour
 20884 | D:12     | Noticed a sphinx
 20912 | D:12     | Killed a sphinx
 21822 | D:12     | Reached skill level 5 in Fighting
 22243 | D:12     | Noticed an ettin
 22266 | D:12     | Killed an ettin
 22588 | D:12     | Reached XP level 14. HP: 77/78 MP: 28/28
 22683 | D:12     | Noticed a ghost moth
 22689 | D:12     | a ghost moth changed into a glowing shapeshifter
 22727 | D:12     | Got a jewelled leather armour
 22738 | D:12     | Identified the cursed +1 leather armour of the Eight Boll
                  | Weevils {+Blink rPois rCorr} (You found it on level 12 of
                  | the Dungeon)
 23102 | D:13     | Found the +7 great mace "Firestarter" {inner flame, rF++}
 23142 | D:13     | HP: 2/117 [centaur[a centaur warrior] (8)]
 23144 | D:13     | Slain by a centaur warrior

Illustrated notes

Levels and vault maps discovered:
D:1:      lightli_arrival_noodles, layout_basic, corexii_item_surrounded_by_moat
D:2:      minmay_angry_zag, layout_loops_ring, tso_altar, old_standard_altar,
          first_ration, minmay_joined_circles
D:3:      layout_loops_ring
D:4:      layout_gridville, nemelex_xobeh_ov_fountains_minmay,
          okawaru_gym_becter, lightli_corner_chamber
D:5:      layout_layer_cave, serial_shops, shop, minmay_increasing_density
D:6:      layout_gridville, kennysheep_little_box, minmay_temple_entry_junction
D:7:      layout_basic, overflow_temple_1_default, kennysheep_dice, uniq_duvessa
D:8:      layout_cave_pools, grunt_pizzeria, serial_park_tiny_pond
D:9:      layout_stronghold, lemuel_doored_altar, kennysheep_mini,
          lemuel_round_altar, enter_bailey_2
D:10:     minmay_sliced_demisemicircle, layout_irregular_city, david_orc_2,
          uniq_sonja, uniq_joseph
D:11:     layout_long_grid, dpeg_oklobed_lair, uniq_grum, uniq_josephine,
          uniq_maurice
D:12:     minmay_tile_spiral, layout_gridville
D:13:     minmay_firetagon, layout_layer_cave,
          lightli_vaults_fourway_checkpoint, st_stairs_6
Orc:1:    layout_caves, biasface_ghost_orc_armoury, basic_altar,
          nooodl_orcs_dogs
Orc:2:    st_orc_town, layout_caves, serial_shops, shop, shop, uniq_nessos

Skill      XL: |  1  2  3  4  5  6  7  8  9 10 11 12 13 14 |
---------------+-------------------------------------------+-----
Fighting       | 2 5 |  5.5
Staves         | 4 5 6 7 8 10 11 13 14 | 14.0
Dodging        | 4 5 6 7 8 9 11 13 14 | 14.9
Evocations     | 3 |  3.0
Invocations    | 2 3 5 6 7 8 |  8.0
Bows           | 3 5 6 8 |  8.0
Spellcasting   | 5 8 |  8.0
Armour         | 1 6 7 |  7.1
Throwing       | |  2.0

Action                   |  1- 3 |  4- 6 |  7- 9 | 10-12 | 13-15 || total
-------------------------+-------+-------+-------+-------+-------++-------
Melee: Quarterstaff      |    90 |   151 |   469 |   913 |   661 ||  2284
 Fire: Hunting sling     |    15 |       |    31 |       |       ||    46
       Shortbow          |       |       |    57 |    25 |    13 ||    95
Throw: Stone             |    63 |   104 |    81 |     4 |       ||   252
       Dart              |       |    14 |   235 |    81 |     7 ||   337
       Throwing net      |       |       |     4 |     1 |       ||     5
       Boomerang         |       |       |       |   164 |   135 ||   299
 Cast: Summon Small Mamm |       |       |       |     1 |       ||     1
Invok: Heroism           |       |       |       |     2 |       ||     2
 Abil: Evoke Flight      |       |       |     1 |       |       ||     1
       Evoke Berserk Rag |       |       |       |     7 |     7 ||    14
Evoke: Wand              |       |       |     2 |    12 |     8 ||    22
       Lightning rod     |       |       |       |     9 |       ||     9
       Phial of floods   |       |       |       |     2 |       ||     2
  Use: Scroll            |       |    10 |     3 |    10 |     7 ||    30
       Potion            |       |     5 |     3 |     8 |     4 ||    20
 Stab: Paralysed         |       |       |    10 |    14 |       ||    24
       Held in net/web   |       |       |       |     1 |       ||     1
       Invisible         |       |       |       |     2 |       ||     2
  Eat: Chunk             |     2 |     7 |    18 |    25 |    16 ||    68
       Ration            |       |       |       |     4 |     2 ||     6
Armor: Ring mail         |    23 |    37 |   120 |   158 |    84 ||   422
       Skin              |       |       |       |    15 |       ||    15
       Leather armour    |       |       |       |       |    17 ||    17
Dodge: Dodged            |    60 |   100 |   308 |   623 |   398 ||  1489

Table legend:
 A = Non-vault XP
 B = Vault XP
 C = Vault XP percentage of total XP
 D = Non-vault monster count
 E = Vault monster count
 F = Vault count percentage of total count
                 A         B        C        D         E       F
            +---------+---------+-------+---------+---------+-------
      Total |   31444 |   36226 |  53.5 |     338 |     182 |  35.0
            +---------+---------+-------+---------+---------+-------
        D:1 |      29 |       0 |   0.0 |      19 |       0 |   0.0
        D:2 |      67 |     147 |  68.7 |      26 |      16 |  38.1
        D:3 |      58 |       0 |   0.0 |      15 |       0 |   0.0
        D:4 |     685 |       0 |   0.0 |      16 |       0 |   0.0
        D:5 |     457 |     371 |  44.8 |      13 |       6 |  31.6
        D:6 |     493 |       0 |   0.0 |      12 |       0 |   0.0
        D:7 |    1115 |     383 |  25.6 |      28 |       4 |  12.5
        D:8 |     643 |     121 |  15.8 |      18 |       1 |   5.3
        D:9 |    3641 |       0 |   0.0 |      25 |       0 |   0.0
       D:10 |    5685 |    7504 |  56.9 |      46 |      21 |  31.3
       D:11 |    4005 |    4547 |  53.2 |      23 |      13 |  36.1
       D:12 |    5541 |   10016 |  64.4 |      22 |      17 |  43.6
       D:13 |    1205 |     796 |  39.8 |       8 |       4 |  33.3
      Orc:1 |    4528 |    2642 |  36.8 |      24 |      15 |  38.5
      Orc:2 |    3292 |    8466 |  72.0 |      43 |      58 |  57.4
     Bailey |       0 |    1233 | 100.0 |       0 |      27 | 100.0
            +---------+---------+-------+---------+---------+-------
